 Dungeon Crawl Stone Soup version 0.16.1-51-g6203257 (webtiles) character file.

247 teebee the Skirmisher (level 6, -1/57 HPs)
             Began as a Hill Orc Fighter on Aug 11, 2015.
             Killed from afar by Blork the orc (12 damage)
             ... with a puff of flame
             ... on level 4 of the Dungeon.
             The game lasted 00:08:01 (1500 turns).

teebee the Skirmisher (Hill Orc Fighter)            Turns: 1500, Time: 00:08:01

Health: -1/57      AC:  7    Str: 20    XL:     6   Next: 11%
Magic:  6/6        EV:  7    Int:  8    God:
Gold:   219        SH:  9    Dex: 11    Spells: 0 memorised, 5 levels left

rFire  . . .     SeeInvis +     a - +0 long sword
rCold  . . .     Clarity  .     b - +0 scale mail
rNeg   . . .     SustAb   .     c - +0 shield
rPois  .         Gourm    .     h - +1 hat
rElec  .         Spirit   .     (no cloak)
rCorr  .         Warding  .     (no gloves)
rMut   .         Stasis   .     (no boots)
MR     +....                    (no amulet)
Stlth  ..........               l - ring of see invisible
                                r - ring of protection from magic

@: somewhat resistant to hostile enchantments, extremely unstealthy
A: no striking features
a: no special abilities


You were on level 4 of the Dungeon.
You were not hungry.

You visited 1 branch of the dungeon, and saw 4 of its levels.

You collected 219 gold pieces.

Inventory:

Hand weapons
 a - a +0 long sword (weapon)
 e - a cursed -3 dagger
Missiles
 m - 25 arrows
 s - 19 sling bullets of frost
Armour
 b - a +0 scale mail (worn)
 c - a +0 shield (worn)
 h - a +1 hat (worn)
 t - a +0 pair of gloves
Jewellery
 l - a ring of see invisible (right hand)
 r - a ring of protection from magic (left hand)
Scrolls
 i - 6 scrolls of teleportation
 o - 2 scrolls of blinking {unknown}
 u - 2 scrolls of remove curse {unknown}
 y - a scroll of amnesia {unknown}
Potions
 j - a potion of ambrosia {unknown}
 k - 2 potions of restore abilities
 x - a potion of invisibility {unknown}
Comestibles
 d - 3 meat rations
 n - 2 beef jerkies
 p - 4 fruits
 q - a royal jelly
 v - 2 slices of pizza
 w - a bread ration


   Skills:
 * Level 6.1 Fighting
 * Level 4.8 Long Blades
 - Level 3.2 Armour
 - Level 0.7 Dodging
 - Level 0.1 Stealth
 - Level 3.2 Shields


You had 5 spell levels left.
You didn't know any spells.

Dungeon Overview and Level Annotations

Branches:
Dungeon (4/15)
 Temple: D:4-7

Altars:

Annotations:
D:3 teebee's ghost, average HOFi
D:4 Blork the orc


Message History

Blork the orc is heavily wounded.
You hit Blork the orc.
Blork the orc is severely wounded.
Blork the orc casts a spell.
Blork the orc seems to speed up.
Blork the orc gestures at you while chanting.
The puff of frost hits you!
* * * LOW HITPOINT WARNING * * *
You slash Blork the orc!
Blork the orc is almost dead.
Blork the orc gestures at you while chanting.
The puff of frost hits you!
* * * LOW HITPOINT WARNING * * *
Blork the orc casts a spell.
Blork the orc flickers and vanishes for a moment.
Drink which item? (? for menu, Esc to quit)
It was a potion of curing.
You feel better.
Blork the orc points at you and mumbles some strange words.
The puff of flame hits you!
You die...

.....#######.##......(.........
#.##.# #.######....#(..##.>
###....### ..# #..##.##.....#
.........# ..## #..###....#.###
.........# .## ##.# #..###..##
.........##.# ##... ###.####..#
.........##.# #..## ##......##..
............####.# ###.o####.####
#.###.........##@###...## #.# #.#
###..####....o......## #.#
#.#####.## ##.<..........###.#
#.#.....# ##..............##.##
#...##### #...............##..###
......#####...............###....
....#..#..................# ####.
....##.#.###..............# ##
....##...# ##............##


You could see Blork the orc (invisible).

Vanquished Creatures
  A phantom (D:4)
  A centaur skeleton (D:4)
  An orc wizard (D:3)
  3 adders
  A worm (D:2)
  4 giant geckos
  An ooze (D:4)
  4 orcs (D:3)
  2 ball pythons (D:3)
  2 giant cockroaches (D:1)
  10 goblins
  10 hobgoblins
  2 quokkas
  3 bats
  4 giant newts
  11 kobolds
  7 rats
67 creatures vanquished.

Notes
Turn   | Place    | Note
--------------------------------------------------------------
     0 | D:1      | teebee, the Hill Orc Fighter, began the quest for the Orb.
     0 | D:1      | Reached XP level 1. HP: 19/19 MP: 1/1
    45 | D:1      | Reached skill level 4 in Fighting
    66 | D:1      | Reached XP level 2. HP: 17/27 MP: 2/2
   316 | D:1      | Reached XP level 3. HP: 30/34 MP: 3/3
   789 | D:2      | Reached skill level 5 in Fighting
   859 | D:2      | Reached XP level 4. HP: 42/42 MP: 4/4
  1154 | D:3      | Reached XP level 5. HP: 36/48 MP: 5/5
  1264 | D:3      | Noticed teebee's ghost (average HOFi)
  1395 | D:4      | Noticed a phantom
  1414 | D:4      | Killed a phantom
  1414 | D:4      | Reached skill level 6 in Fighting
  1414 | D:4      | Reached XP level 6. HP: 25/57 MP: 6/6
  1442 | D:4      | Noticed Blork the orc
  1500 | D:4      | Killed from afar by Blork the orc

Action                   |  1- 3 |  4- 6 || total
-------------------------+-------+-------++-------
Melee: Long sword        |   150 |   100 ||   250
  Use: Potion            |     1 |     2 ||     3
       Scroll            |       |     4 ||     4
  Eat: Chunk             |       |     3 ||     3
